 Dungeon Crawl Stone Soup version 0.24.0-13-gcf9b3192b9 (webtiles) character file.

Game seed: 14125434457993269627, levelgen mode: deterministic

10033 zkyp the Cleaver (level 11, -5/90 (92) HPs)
             Began as a Demigod Artificer on Nov 10, 2019.
             Slain by a centaur warrior
             ... wielding the +8 demon trident "Rift" {distort, reach+}
              (11 damage)
             ... on level 10 of the Dungeon.
             The game lasted 00:19:27 (17271 turns).

zkyp the Cleaver (Demigod Artificer)               Turns: 17271, Time: 00:19:28

HP:   -5/90 (92)    AC:  8    Str: 23    XL:     11   Next: 9%
MP:   16/16         EV: 23    Int: 15    God:
Gold: 441           SH:  6    Dex: 24    Spells: 10/10 levels left

rFire    + . .     SeeInvis .   z - +1 war axe (freeze) (curse)
rCold    . . .     Gourm    .   g - +0 buckler
rNeg     . . .     Faith    .   u - +2 leather armour {rF+}
rPois    +         Spirit   .   Q - +0 helmet
rElec    .         Reflect  .   A - +0 cloak
rCorr    .         Harm     .   c - +0 pair of gloves {Dex+3}
MR       +....     Rnd*Tele +   q - +0 pair of boots
Stlth    +++.......             (no amulet)
HPRegen  0.25/turn              T - ring of poison resistance
MPRegen  0.15/turn              (no ring)

@: agile
A: deformed body, high mp 1, strong 1, teleportitis 1
a: no special abilities


You were on level 10 of the Dungeon.
You were hungry.

You visited 2 branches of the dungeon, and saw 11 of its levels.

You collected 441 gold pieces.

Inventory:

Hand Weapons
 a - a +0 hand axe
 b - a +0 war axe
 h - a +4 spear of flaming
 m - a +0 hand axe of freezing
 s - a +0 short sword
 z - a cursed +1 war axe of freezing (weapon)
Missiles
 B - 5 javelins (quivered)
 D - 5 silver javelins
 G - 12 poisoned darts
Armour
 c - a +0 pair of gloves of dexterity (worn)
 g - a +0 buckler (worn)
 q - a +0 pair of boots (worn)
 u - a +2 leather armour of fire resistance (worn)
 y - a +0 plate armour
 A - a +0 cloak (worn)
 I - the +0 robe "Xaent" {rC+ rN+ Int-4}
   (You found it on level 9 of the Dungeon)

   It affects your intelligence (-4).
   It protects you from cold.
   It protects you from negative energy.
 L - a scarf of cloud immunity
 P - a +0 troll leather armour
 Q - a +0 helmet (worn)
Jewellery
 O - an uncursed amulet of harm
 T - a ring of poison resistance (left hand)
Wands
 d - a wand of enslavement (6)
 e - a wand of random effects (47)
 k - a wand of digging (6)
 l - a wand of iceblast (2)
 N - a wand of disintegration (9)
 S - a wand of acid (10)
Scrolls
 i - 9 scrolls of teleportation
 j - 4 scrolls of immolation
 n - 8 scrolls of remove curse {@r1}
 v - a scroll of fear
 C - a scroll of identify {@r2}
 E - 3 scrolls of blinking
 H - a scroll of noise
 J - a scroll of holy word
 K - 2 scrolls of enchant armour
 M - a scroll of magic mapping
Potions
 o - 3 potions of agility
 p - 3 potions of brilliance
 r - 2 potions of might
 t - 8 potions of flight
 w - a potion of curing {@q1}
 x - 2 potions of resistance
 F - a potion of haste
 R - a potion of heal wounds {unknown}
Comestibles
 f - 16 rations


   Skills:
 + Level 7.5 Fighting
 - Level 0.8 Short Blades
 * Level 11.7 Axes
 - Level 2.9 Armour
 + Level 6.6 Dodging
 - Level 0.8 Stealth
 - Level 4.2 Shields
 - Level 2.6 Evocations


You had 10 spell levels left.
You didn't know any spells.
Your spell library contained the following spells:

 Spells                   Type           Power        Failure   Level  Hunger
 Animate Skeleton         Necr           N/A          30%         1    ##.....
 Pain                     Necr           #...         30%         1    ##.....
 Regeneration             Chrm/Necr      #.........   67%         3    ####...
 Vampiric Draining        Necr           #.........   67%         3    ####...
 Animate Dead             Necr           N/A          97%         4    #####..


Dungeon Overview and Level Annotations

Branches:
Dungeon (10/15)            Temple (1/1) D:7            Lair (0/6) D:10
    Orc: D:9-12

Annotations:
D:6 1 runed translucent door, Setanta's ghost, novice GrFi


Innate Abilities, Weirdness & Mutations

You have an increased reservoir of magic. (+10% MP)
Armour fits poorly on your strangely shaped body.
Your muscles are strong. (Str +2)
You are occasionally teleported next to monsters.


Message History

The centaur warrior misses you.
The centaur warrior hits you with the +8 demon trident "Rift" {distort, reach+}!!
Space warps horribly around you!!
You hit the centaur warrior but do no damage.
The centaur warrior misses you.
You slash the centaur warrior! You freeze the centaur warrior.
The centaur warrior is moderately wounded.
The centaur warrior closely misses you.
You hit the centaur warrior. You freeze the centaur warrior.
The centaur warrior is moderately wounded.
The centaur warrior closely misses you.
You barely miss the centaur warrior.
The centaur warrior is moderately wounded.
The centaur warrior hits you with the +8 demon trident "Rift" {distort, reach+}!
Space warps horribly around you!
* * * LOW HITPOINT WARNING * * *
The centaur warrior hits you with the +8 demon trident "Rift" {distort, reach+}!
* * * LOW HITPOINT WARNING * * *
Space warps horribly around you!
You die...

.###)###.##.##.##.#.##...........
##..)).##..#.###.....#..#.####...
####.####.#.#.##.###.##.######...
#)......##..###.......#..........
####.#######.##.#####.##.........
.........##.##..cz...5.#.........
.###.###(##.##.#######.##........
#######.##.##)#########.#...##...
.......##.##.#.#@#.#.# .#...##...
.####..##.###.#c#.#.## .##.......
##..(.####.###.#.#.## ..#.......
...#..##...##.#.#.#.# .5##......
.######...####.#.#.## #ce#......
..#..##.##..###.#.## :.##.....
#.#.####....####.## #.....
#...##....##.##.#.# ##.###
##.##...##....##.## #....


You could see a centaur warrior.

Vanquished Creatures
  Erica (D:9)
  An unseen horror (D:10)
  Maurice (D:8)
  A gargoyle (D:9)
  A komodo dragon (D:10)
  3 trolls
  2 hippogriffs
  A wraith (D:8)
  4 hogs (D:7)
  9 yaks
  A human (D:7)
  A gnoll sergeant (D:5)
  2 orc warriors
  3 ice beasts
  A sky beast (D:9)
  3 ogres
  3 necrophages (D:7)
  4 centaurs
  A phantom (D:7)
  3 big kobolds
  Blork the orc (D:5)
  6 bullfrogs
  A water moccasin zombie (D:6)
  A jelly (D:10)
  A water moccasin skeleton (D:8)
  A scorpion (D:4)
  5 killer bees (D:10)
  2 electric eels (D:9)
  5 wights (D:7)
  A howler monkey (D:4)
  4 crimson imps
  3 centaur zombies
  A quasit (D:10)
  A gnoll shaman (D:9)
  2 orc priests
  4 hounds
  2 centaur skeletons
  9 orc wizards
  3 bullfrog skeletons (D:10)
  Natasha (thrice) (D:3)
  10 worker ants
  A killer bee zombie (D:10)
  A hound zombie (D:8)
  A hound skeleton (D:6)
  A mummy (D:7)
  7 gnolls
  10 adders
  A howler monkey skeleton (D:7)
  A shadow imp (D:10)
  3 white imps (D:9)
  A worker ant simulacrum (D:9)
  An ufetubus (D:9)
  3 adder skeletons
  8 worms
  3 dart slugs
  3 leopard geckos
  20 orcs
  2 giant cockroaches
  6 goblins
  9 hobgoblins
  15 jackals
  A quokka (D:5)
  5 ball pythons
  7 bats
  4 frilled lizards
  23 kobolds
  10 rats
259 creatures vanquished.

Vanquished Creatures (collateral kills)
  2 wights (D:7)
  An orc priest (D:5)
  6 gnolls
  A leopard gecko (D:5)
  2 orcs (D:5)
  A quokka (D:2)
13 creatures vanquished.

Vanquished Creatures (others)
  2 wights (D:7)
  A gnoll shaman (D:4)
  An adder (D:2)
  A plant (D:10)
5 creatures vanquished.

Grand Total: 277 creatures vanquished

Notes
Turn   | Place    | Note
-------+----------+-------------------------------------------
     0 | D:1      | zkyp the Demigod Artificer began the quest for the Orb.
     0 | D:1      | Reached XP level 1. HP: 15/15 MP: 5/5
    36 | D:1      | Reached skill level 1 in Fighting
   465 | D:1      | Reached XP level 2. HP: 23/23 MP: 6/6
   562 | D:1      | Reached skill level 1 in Shields
   568 | D:1      | Reached skill level 1 in Axes
  1198 | D:2      | Found a hide-covered altar of Uskayaw.
  1199 | D:2      | Noticed a +0 dagger
  1199 | D:2      | Noticed a +0 dagger
  1214 | D:2      | Reached XP level 3. HP: 17/28 MP: 7/7
  1443 | D:2      | Found a sacrificial altar of Ru.
  2178 | D:2      | Found an ornate altar of the Wu Jian Council.
  2338 | D:2      | Reached skill level 2 in Axes
  2647 | D:2      | Found a stormy altar of Qazlal.
  2829 | D:2      | Reached XP level 4. HP: 35/35 MP: 8/8
  3374 | D:3      | Noticed Natasha
  3741 | D:3      | Found a faded altar of an unknown god.
  3820 | D:3      | Killed Natasha
  3894 | D:3      | Noticed Natasha
  3896 | D:3      | Killed Natasha
  3896 | D:3      | Reached skill level 3 in Axes
  3896 | D:3      | Reached XP level 5. HP: 40/40 MP: 9/9
  4033 | D:3      | Found a glowing golden altar of the Shining One.
  4107 | D:3      | Found a white marble altar of Elyvilon.
  4171 | D:3      | Noticed Natasha
  4183 | D:3      | Killed Natasha
  4922 | D:4      | Reached XP level 6. HP: 34/47 MP: 10/10
  5234 | D:4      | Reached skill level 4 in Axes
  5364 | D:4      | Found a shimmering altar of Xom.
  5364 | D:4      | Found an ancient bone altar of Kikubaaqudgha.
  5698 | D:5      | Entered Level 5 of the Dungeon
  5893 | D:5      | Reached skill level 5 in Axes
  5893 | D:5      | Reached XP level 7. HP: 23/52 MP: 11/11
  5963 | D:5      | Noticed Blork the orc
  6075 | D:5      | Killed Blork the orc
  6222 | D:5      | Reached skill level 6 in Axes
  6278 | D:5      | Reached skill level 1 in Armour
  6688 | D:5      | Found a radiant altar of Vehumet.
  7376 | D:6      | Reached XP level 8. HP: 56/62 MP: 13/13
  7682 | D:6      | Reached skill level 7 in Axes
  7683 | D:6      | Gained mutation: You are occasionally teleported next to
                  | monsters. [potion of mutation]
  7683 | D:6      | Gained mutation: Armour fits poorly on your strangely
                  | shaped body. [potion of mutation]
  7683 | D:6      | Gained mutation: Your muscles are strong. (Str +2) [potion
                  | of mutation]
  7684 | D:6      | HP: 4/94 [poisoned by a worker ant]
  7689 | D:6      | HP: 3/94 [poisoned by a worker ant]
  7694 | D:6      | HP: 3/94 [poisoned by a worker ant]
  7702 | D:6      | HP: 3/94 [poisoned by a worker ant]
  8129 | D:6      | Found a runed translucent door.
  8672 | D:6      | Noticed Setanta's ghost (novice GrFi)
  9147 | D:7      | Reached skill level 8 in Axes
  9818 | D:7      | Reached XP level 9. HP: 64/70 MP: 14/14
  9839 | D:7      | Found a burning altar of Makhleb.
  9973 | D:7      | Found a staircase to the Ecumenical Temple.
 10157 | D:7      | Found a shadowy altar of Dithmenos.
 10459 | D:7      | Reached skill level 5 in Fighting
 10459 | D:7      | Reached skill level 9 in Axes
 10484 | Temple   | Entered the Ecumenical Temple
 11998 | D:8      | Got a warped cloak
 12058 | D:8      | Found a white marble altar of Elyvilon.
 12599 | D:9      | Found a burning altar of Makhleb.
 12628 | D:9      | Noticed Maurice
 12988 | D:8      | Killed Maurice
 12988 | D:8      | Reached skill level 10 in Axes
 13095 | D:9      | Found an iron altar of Okawaru.
 13099 | D:9      | Noticed Erica
 13106 | D:9      | Killed Erica
 13106 | D:9      | Reached skill level 5 in Dodging
 13106 | D:9      | Reached XP level 10. HP: 81/81 MP: 15/15
 13149 | D:9      | HP: 4/81 [white imp (5)]
 13163 | D:9      | Identified the +0 cloak of Magic {Int+3} (You found it on
                  | level 8 of the Dungeon)
 13599 | D:9      | Found a shattered altar of Ashenzari.
 14240 | D:9      | Got a smoking robe
 14471 | D:9      | Reached skill level 11 in Axes
 14522 | D:9      | Identified the +0 robe "Xaent" {rC+ rN+ Int-4} (You found
                  | it on level 9 of the Dungeon)
 15041 | D:10     | Entered Level 10 of the Dungeon
 15195 | D:10     | Found a staircase to the Lair.
 15210 | D:10     | HP: 4/82 [poisoned by a killer bee]
 15216 | D:10     | HP: 3/82 [poisoned by a killer bee]
 15224 | D:10     | HP: 3/82 [poisoned by a killer bee]
 15642 | D:10     | Killed an unseen horror
 16667 | D:10     | Found a white marble altar of Elyvilon.
 16740 | D:10     | Reached XP level 11. HP: 80/90 MP: 16/16
 17252 | D:10     | Noticed a centaur warrior
 17271 | D:10     | Slain by a centaur warrior

Levels and vault maps discovered:
D:1:      co_arrival_random_square_maze, layout_loops_cross, serial_forest,
          infiniplex_forest_lined_2, infiniplex_forest_lined_3,
          infiniplex_forest_clump_double, infiniplex_forest_clump_cross,
          infiniplex_forest_lined_ring, infiniplex_forest_lined_corner,
          infiniplex_forest_corner_1, infiniplex_forest_straight_2,
          minmay_pentomino_x2
D:2:      layout_basic, nicolae_qazlal_general_emergency,
          nicolae_ru_path_of_blood, overflow_temple_1_default,
          dancing_weapons_uskayaw, kennysheep_pointless_box
D:3:      layout_rooms, lemuel_coloured_pillars_altar, marbit_many_paths,
          chequers_ecumenical_altar_island, first_ration,
          palyth_stone_intersect, uniq_natasha
D:4:      layout_cave_pods, gammafunk_temple_overflow_wave
D:5:      layout_rooms, old_standard_altar, uniq_blork_the_orc
D:6:      layout_gridville, ebering_ghost_reflecting_pool
D:7:      layout_basic, kennysheep_mini_moat, minmay_temple_entry_proselytizer,
          serial_undead, serial_undead_e, serial_undead_c, serial_undead_b,
          serial_undead_c, serial_undead_c, grunt_livestock, grunt_ministairs_8,
          grunt_dithmenos_smoke
D:8:      layout_layer_cave, elyvilon_altar_4
D:9:      layout_stronghold, ashenzari_altar_1, okawaru_ov_weapons_minmay,
          serial_ice, serial_ice_h, serial_ice_g, serial_ice_m, serial_ice_i,
          makhleb_heckhound_becter, uniq_maurice, uniq_erica
D:10:     minmay_the_grid_triangle_9x9_rhombus_full
          [minmay_the_grid_triangle_9x9_corrupted_corridor,
          minmay_the_grid_triangle_9x9_odd_lines,
          minmay_the_grid_triangle_9x9_longest,
          minmay_the_grid_triangle_9x9_skeleton,
          minmay_the_grid_triangle_9x9_corruption,
          minmay_the_grid_triangle_9x9_steps,
          minmay_the_grid_triangle_9x9_checkered,
          minmay_the_grid_triangle_9x9_prize_schism], layout_gridville,
          david_lair_shrubbed, basic_altar
Temple:   cyrus_temple_forest

Skill      XL: |  1  2  3  4  5  6  7  8  9 10 |
---------------+-------------------------------+-----
Fighting       | 1 2 4 6 7 |  7.5
Shields        | 1 2 3 4 |  4.2
Axes           | 1 2 3 5 6 8 10 11 | 11.7
Armour         | 2 |  2.9
Dodging        | 3 5 6 |  6.6
Short Blades   | |  0.8
Stealth        | |  0.8
Evocations     | |  2.6

Action                   |  1- 3 |  4- 6 |  7- 9 | 10-12 || total
-------------------------+-------+-------+-------+-------++-------
Melee: Short sword       |    20 |       |       |       ||    20
       Hand axe          |   139 |   113 |   195 |       ||   447
       War axe           |    36 |    62 |   282 |   238 ||   618
Throw: Javelin           |       |     5 |     7 |       ||    12
Evoke: Wand              |     5 |    11 |    29 |    11 ||    56
  Use: Scroll            |     5 |     4 |     9 |     8 ||    26
       Potion            |       |     1 |     3 |     2 ||     6
 Stab: Sleeping          |       |       |     3 |     2 ||     5
       Paralysed         |       |       |     3 |       ||     3
       Distracted        |       |       |       |     1 ||     1
  Eat: Chunk             |     6 |     9 |    11 |     9 ||    35
       Ration            |       |       |     4 |     1 ||     5
Armor: Ring mail         |    63 |    48 |       |       ||   111
       Leather armour    |     1 |       |    49 |    48 ||    98
       Plate armour      |       |    29 |   123 |       ||   152
Dodge: Dodged            |   103 |    70 |   197 |   161 ||   531
Block: Buckler           |    34 |    62 |   126 |    55 ||   277
